 Dungeon Crawl Stone Soup version 0.25-a0-353-ged6d54792d (webtiles) character file.

Game seed: 9715257854750392929, levelgen mode: classic

255 Borgoz the Cudgeler (level 6, -7/55 HPs)
             Began as a Gargoyle Gladiator on Jan 1, 2020.
             Mangled by a gnoll sergeant
             ... wielding a +2 trident of piercing
              (10 damage)
             ... on level 3 of the Dungeon.
             The game lasted 00:03:55 (2629 turns).

Borgoz the Cudgeler (Gargoyle Gladiator)            Turns: 2629, Time: 00:03:55

Health: -7/55      AC: 12    Str: 24    XL:     6   Next: 15%
Magic:  6/6        EV: 11    Int:  9    God:
Gold:   199        SH:  0    Dex: 11    Spells: 5/5 levels left

rFire    . . .     SeeInvis .   a - +0 flail
rCold    . . .     Gourm    .   (no shield)
rNeg     + . .     Faith    .   q - +0 scale mail
rPois    ∞         Spirit   .   c - +0 helmet
rElec    +         Reflect  .   (no cloak)
rCorr    .         Harm     .   (no gloves)
MR       .....                  (no boots)
Stlth    ..........             (no amulet)
HPRegen  0.18/turn              (no ring)
MPRegen  0.10/turn              (no ring)

@: berserking, very quick
A: negative energy resistance 1, electricity resistance, unbreathing,
petrification resistance, rot immunity, AC +4
a: no special abilities


You were on level 3 of the Dungeon.
You were not hungry.

You visited 1 branch of the dungeon, and saw 3 of its levels.

You collected 199 gold pieces.

Inventory:

Hand Weapons
 a - a +0 flail (weapon)
Missiles
 d - 3 throwing nets (quivered)
Armour
 c - a +0 helmet (worn)
 q - a +0 scale mail (worn)
Scrolls
 i - a scroll of fear {unknown}
 k - 2 scrolls of identify {unknown}
 m - 2 scrolls of fog {unknown}
 n - a scroll of amnesia {unknown}
 o - 3 scrolls of remove curse {unknown}
 p - a scroll of immolation {unknown}
Potions
 b - a potion of brilliance {unknown}
 g - a potion of lignification {unknown}
 h - a potion of curing {unknown}
 j - a potion of degeneration {unknown}
 r - a potion of heal wounds {unknown}
Comestibles
 f - 2 rations
 l - 3 chunks of flesh


   Skills:
 + Level 3.5 Fighting
 * Level 4.8 Maces & Flails
 - Level 1.7 Throwing
 + Level 2.6 Armour
 + Level 3.2 Dodging


You had 5 spell levels left.
You didn't know any spells.
Your spell library was empty.

Dungeon Overview and Level Annotations

Branches:
Dungeon (3/15)

Altars:
Nemelex Xobeh


Innate Abilities, Weirdness & Mutations

You are resistant to torment.
Your stone body is resilient. (AC +4)
You are immune to poison.
You resist negative energy. (rN+)
You are resistant to electric shocks. (rElec)
You can survive without breathing.
You are immune to petrification.
You are immune to rotting.


Message History

The gnoll sergeant is severely wounded.
The shadow imp hits you but does no damage.
The gnoll sergeant hits you with a +2 trident of piercing.
* * * LOW HITPOINT WARNING * * *
x2 The shadow imp barely misses you.
You thump the gnoll sergeant!
The gnoll sergeant is almost dead.
The gnoll sergeant misses you. The shadow imp gestures at you.
Pain shoots through your body!
* * * LOW HITPOINT WARNING * * *
A red film seems to cover your vision as you go berserk!
You feel yourself moving faster!
You feel mighty!
The gnoll sergeant hits you with a +2 trident of piercing.
* * * LOW HITPOINT WARNING * * *
x2 The shadow imp hits you but does no damage.
You barely miss the gnoll sergeant.
The gnoll sergeant is almost dead.
The gnoll sergeant hits you with a +2 trident of piercing!
You die...

######..... #.........?.
#........... #...........
#............
##............
#######>............
#...)))...[.........
#.###....##@##...... #+#
#.#...####5g.# #...####.###
#...###[.#...# #.........
#..##.#..#...# ##.###.###
##.'..#..#...# +.# #.###
#.##.#))#...# ##.# #.##.
#[.###..#...# ###..# #..'.
##...##'#(($#+##...#######.
###....#####....##........


You could see a gnoll sergeant and a shadow imp.

Vanquished Creatures
  An orc wizard (D:3)
  Natasha (thrice) (D:2)
  A hound skeleton (D:3)
  5 adders
  An ooze (D:2)
  A worm (D:2)
  A dart slug (D:1)
  A leopard gecko (D:1)
  12 orcs
  10 bats
  3 giant cockroaches
  6 goblins
  5 hobgoblins
  5 jackals
  A quokka (D:3)
  4 frilled lizards
  11 kobolds
  6 rats
77 creatures vanquished.

Notes
Turn   | Place    | Note
-------+----------+-------------------------------------------
     0 | D:1      | Borgoz the Gargoyle Gladiator began the quest for the Orb.
     0 | D:1      | Reached XP level 1. HP: 12/12 MP: 1/1
   364 | D:1      | Reached XP level 2. HP: 17/18 MP: 2/2
   624 | D:1      | Reached skill level 1 in Armour
   631 | D:1      | Reached XP level 3. HP: 21/22 MP: 3/3
  1227 | D:2      | Reached XP level 4. HP: 20/27 MP: 4/4
  1294 | D:2      | Found a sparkling altar of Nemelex Xobeh.
  1366 | D:2      | Reached skill level 4 in Maces & Flails
  1676 | D:3      | Noticed Natasha
  1709 | D:2      | Reached XP level 5. HP: 23/32 MP: 5/5
  1816 | D:2      | Killed Natasha
  2029 | D:2      | Noticed Natasha
  2045 | D:2      | Killed Natasha
  2049 | D:2      | Noticed Natasha
  2058 | D:2      | Killed Natasha
  2414 | D:3      | Reached XP level 6. HP: 20/37 MP: 6/6
  2629 | D:3      | Mangled by a gnoll sergeant

Levels and vault maps discovered:
D:1:      dpeg_arrival_solitude, layout_basic, minmay_splitting_lines,
          minmay_misc_feat_enclosed
D:2:      layout_rooms, nicolae_overflow_hidden_temple
D:3:      layout_basic, minmay_divided_ellipse, uniq_natasha

Skill      XL: |  1  2  3  4  5 |
---------------+----------------+-----
Armour         | 1 2 |  2.6
Maces & Flails | 4 |  4.8
Fighting       | 3 |  3.5
Dodging        | 3 |  3.2
Throwing       | |  1.7

Action                   |  1- 3 |  4- 6 || total
-------------------------+-------+-------++-------
Melee: Flail             |   107 |   176 ||   283
       Unarmed           |       |    16 ||    16
  Use: Potion            |     1 |     1 ||     2
  Eat: Chunk             |     1 |     5 ||     6
Armor: Leather armour    |    64 |    62 ||   126
       Scale mail        |       |    47 ||    47
       Skin              |       |    20 ||    20
Dodge: Dodged            |    91 |   155 ||   246

Table legend:
 A = Non-vault XP
 B = Vault XP
 C = Vault XP percentage of total XP
 D = Non-vault monster count
 E = Vault monster count
 F = Vault count percentage of total count
                 A         B        C        D         E       F
            +---------+---------+-------+---------+---------+-------
      Total |     315 |      50 |  13.7 |      69 |       8 |  10.4
            +---------+---------+-------+---------+---------+-------
        D:1 |      36 |       0 |   0.0 |      20 |       0 |   0.0
        D:2 |     179 |      36 |  16.7 |      31 |       1 |   3.1
        D:3 |     100 |      14 |  12.3 |      18 |       7 |  28.0
            +---------+---------+-------+---------+---------+-------
